 Dungeon Crawl Stone Soup version 0.18-a0-1643-gb89d9db (webtiles) character file.

46 Oddball22 the Insei (level 3, -2/28 HPs)
             Began as a Demigod Transmuter on Mar 28, 2016.
             Slain by a goblin (6 damage)
             ... led by Robin
             ... on level 2 of the Dungeon.
             The game lasted 00:09:37 (1930 turns).

Oddball22 the Insei (Demigod Transmuter)            Turns: 1930, Time: 00:09:37

Health: -2/28      AC:  2    Str: 13    XL:     3   Next: 26%
Magic:  8/8        EV: 18    Int: 17    God:
Gold:   47         SH:  0    Dex: 23    Spells: 1 memorised, 4 levels left

rFire  . . .     SeeInvis .       - Unarmed
rCold  . . .     Gourm    +     b - +0 robe
rNeg   . . .     Faith    .     (no shield)
rPois  .         Spirit   .     (no helmet)
rElec  .         Dismiss  .     (no cloak)
rCorr  .         Reflect  .     (no gloves)
SustAt +         Harm     .     (no boots)
MR     .....                    j - amulet of the gourmand
Stlth  ++++......               (no ring)
                                l - ring of stealth

@: agile, not resistant to hostile enchantments, stealthy
A: high mp 1, sustain attributes
a: no special abilities


You were on level 2 of the Dungeon.
You were not hungry.

You visited 1 branch of the dungeon, and saw 2 of its levels.

You collected 47 gold pieces.

Inventory:

Missiles
 a - 12 arrows
Armour
 b - a +0 robe (worn)
Jewellery
 j - an amulet of the gourmand (around neck)
 l - a ring of stealth (left hand)
Scrolls
 e - a scroll of remove curse {unknown}
 f - 2 scrolls of teleportation {unknown}
 i - a scroll of identify {unknown}
 k - a scroll of fog {unknown}
Books
 c - a book of Changes

   Spells                             Type                      Level
   a - Beastly Appendage              Transmutation                1
   b - Sticks to Snakes               Transmutation                2
   c - Spider Form                    Transmutation/Poison         3
   d - Ice Form                       Ice/Transmutation            4
   e - Blade Hands                    Transmutation                5
Comestibles
 d - 2 bread rations
 g - a beef jerky


   Skills:
 + Level 1.6 Fighting
 + Level 2.2 Dodging
 * Level 3.5 Unarmed Combat
 - Level 1.7 Spellcasting
 - Level 1.7 Transmutations


You had 4 spell levels left.
You knew the following spells:

 Your Spells              Type           Power        Failure   Level  Hunger
a - Beastly Appendage     Trmt           #.....       12%         1    #......


Dungeon Overview and Level Annotations

Branches:
Dungeon (2/15)

Annotations:
D:2 Robin


Innate Abilities, Weirdness & Mutations

You have an increased reservoir of magic (+10% MP).
Your attributes are resistant to harm.


Message History

Robin hits you from afar with an enchanted spear!
You barely miss the goblin.
The goblin is severely wounded.
The goblin closely misses you.
Robin hits you from afar with an enchanted spear.
* * * LOW HITPOINT WARNING * * *
You closely miss the goblin.
The goblin is severely wounded.
The goblin closely misses you.
Robin roars a battlecry!
The goblin goes into a battle-frenzy!
Robin hits you but does no damage.
You hear a shout!
Drink which item? (? for menu, Esc to quit)
It was a potion of agility.
You feel agile all of a sudden. Robin throws the goblin at you!
* * * LOW HITPOINT WARNING * * *
The goblin hits you but does no damage. The goblin hits you.
You die...

#.# #.......)# #.# #.###.##.#
#+## ###.###.# #.##.# #...##
.....##.# #.##.### ##....=##
.##..##.# #......# ##.......#
..#..##.#####....###..!......
.................g)'.........
.....##........g.###.........
.(##.#########.#@# ##.......#
..##.# ###g# ##.>...## ..##.#
#.# #...## .....# ..# #.##
#.#### ### #g# #.# #.# #.#
#.. ##


You could see Robin and 2 goblins.

Vanquished Creatures
  2 dart slugs (D:1)
  2 giant cockroaches (D:1)
  7 goblins
  11 hobgoblins
  3 jackals (D:1)
  A ball python (D:1)
  2 bats
  A giant newt (D:1)
  5 kobolds
  2 rats (D:1)
36 creatures vanquished.

Notes
Turn   | Place    | Note
--------------------------------------------------------------
     0 | D:1      | Oddball22 the Demigod Transmuter began the quest for the Orb.
     0 | D:1      | Reached XP level 1. HP: 15/15 MP: 5/5
     6 | D:1      | Reached skill level 1 in Fighting
   324 | D:1      | Reached skill level 3 in Unarmed Combat
   537 | D:1      | Reached XP level 2. HP: 4/23 MP: 7/7
   561 | D:1      | HP: 1/23 [jackal (1)]
  1353 | D:1      | Reached XP level 3. HP: 24/28 MP: 8/8
  1710 | D:2      | Found a shattered altar of Ashenzari.
  1854 | D:2      | Noticed Robin
  1930 | D:2      | Slain by a goblin

Vault maps used:
D:1:      dpeg_arrival_refuge, minmay_curled_crystal, st_stairs_6,
          minmay_misc_feat_columns, minmay_misc_feat_tiny
D:2:      overflow_temple_1_default, first_bread, uniq_terence, uniq_robin

Skill      XL: |  1  2 |
---------------+-------+-----
Fighting       | 1 |  1.6
Unarmed Combat | 3 |  3.5
Dodging        | 2 |  2.2
Spellcasting   | |  1.7
Transmutations | |  1.7

Action                   || total
-------------------------++-------
Melee: Unarmed           ||   129
  Use: Potion            ||     1
 Stab: Sleeping          ||     4
  Eat: Chunk             ||    10
